AoeStats
← [CL] Libertaria

African Clearing

511158428Analyzed
4v4 RM · 12d ago on Oct 4, 2026· 30m 15s· 8 players
Game mode
Random Map
Map size
Large (8 player)
Population
200
Speed
Normal
Resources
Standard
Victory
Conquest
Starting age
Dark Age
Ending age
Imperial Age
RankedLock teamsTeams togetherTeam positionsShared explorationLock speedFull tech treeHidden civsTurbo modeCheats
Victory
Defeat
🇹🇼 Goths · Taiwan
1592
+10
🇵🇪 Vietnamese · Peru
1563
+11
🇵🇪 Mongols · Peru
1549
+12
🇲🇽 Varangians · Mexico
1511
+13
vs
🇨🇱 Khmer · Chile
1577
-16
🇨🇱 Danes · Chile
1570
-15
🇨🇱 Chinese · Chile
1384
-9
🇨🇱 Maya · Chile
1295
-6
Josh
10:03 Loom
12:03 Feudal Age
17:50 Castle Age
17:42 Scale Mail Armor
18:21 Double-Bit Axe
18:22 Horse Collar
19:27 Squires
27:16 Forging
28:58 Iron Casting
29:19 Bow Saw
30:32 Bloodlines
Manuel24
10:26 Loom
12:29 Feudal Age
18:18 Castle Age
16:37 Double-Bit Axe
25:34 Padded Archer Armor
25:24 Fletching
26:43 Bodkin Arrow
MasteRk
7:17 Loom
13:08 Feudal Age
14:01 Town Watch
17:13 Castle Age
15:50 Double-Bit Axe
18:04 Fletching
20:32 Padded Archer Armor
20:45 Bodkin Arrow
21:29 Padded Archer Armor
23:27 Horse Collar
25:01 Bloodlines
24:52 Husbandry
25:43 Husbandry
27:22 Leather Archer Armor
28:54 Wheelbarrow
29:15 Thumb Ring
29:18 Gold Mining
YiMia
2:59 Loom
10:55 Feudal Age
11:07 Man-at-Arms
17:04 Scale Mail Armor
17:24 Double-Bit Axe
19:49 Castle Age
19:28 Forging
19:52 Long Swordsman
20:49 Chain Mail Armor
21:14 Squires
24:26 Stone Mining
26:04 Wheelbarrow
28:35 Horse Collar
29:48 Gold Mining
30:47 Bow Saw
[CL] Libertaria
11:16 Feudal Age
11:44 Double-Bit Axe
11:46 Horse Collar
11:52 Loom
19:41 Stone Mining
25:27 Castle Age
23:41 Bloodlines
26:37 Castle Age
25:40 Forging
25:39 Scale Barding Armor
28:36 Wheelbarrow
29:12 Town Watch
[CL] Dubstepyzed
8:35 Loom
10:59 Feudal Age
11:00 Man-at-Arms
11:58 Arson
13:55 Double-Bit Axe
17:08 Horse Collar
18:46 Forging
20:07 Wheelbarrow
21:14 Scale Mail Armor
24:55 Fletching
28:42 Stone Mining
31:47 Castle Age
Darthseveros
7:50 Loom
13:06 Feudal Age
14:09 Double-Bit Axe
20:48 Castle Age
21:08 Forging
21:45 Squires
23:45 Bow Saw
28:18 Fletching
29:20 Padded Archer Armor
Jhasper con manos
3:06 Loom
12:35 Feudal Age
16:17 Castle Age
14:48 Fishing Lines
18:50 Forging
18:32 Fletching
20:51 Double-Bit Axe
24:11 Bodkin Arrow
27:11 Padded Archer Armor
27:26 Bow Saw
28:07 Wheelbarrow
28:44 Ballistics
Connection lost

Rejoining the realm…

Still unreachable

The connection could not be restored.

Session expired

The server has moved on; the page needs a fresh start.